AoeStats
← Holder

Arabia

510187344Analyzed
1v1 RM · 3d ago on Sep 29, 2026· 54m 1s· 2 players
Game mode
Random Map
Map size
Tiny (2 player)
Population
200
Speed
Normal
Resources
Standard
Victory
Conquest
Starting age
Dark Age
Ending age
Imperial Age
RankedLock teamsTeams togetherTeam positionsShared explorationLock speedFull tech treeHidden civsTurbo modeCheats
Victory
Defeat
🇮🇹 Goths · Italy
1112
+16
🇻🇳 Armenians · Vietnam
1105
-16
Holder
10:26 Feudal Age
10:40 Man-at-Arms
11:27 Long Swordsman
13:30 Wheelbarrow
13:41 Arson
16:03 Double-Bit Axe
16:00 Horse Collar
22:52 Castle Age
24:13 Loom
28:07 Bow Saw
27:48 Gold Mining
28:01 Heavy Plow
27:56 Gold Mining
30:01 Two-Handed Swordsman
30:43 Squires
30:48 Gambesons
36:51 Herbal Medicine
40:00 Forging
39:50 Scale Mail Armor
50:40 Imperial Age
48:26 Hand Cart
52:12 Conscription
52:05 Fereters
PQ.90Official
7:40 Loom
10:10 Feudal Age
14:28 Double-Bit Axe
15:22 Fletching
15:35 Horse Collar
19:01 Wheelbarrow
22:41 Castle Age
22:37 Padded Archer Armor
22:59 Crossbowman
23:35 Bodkin Arrow
25:05 Bow Saw
27:42 Scale Mail Armor
27:53 Forging
28:45 Squires
29:02 Chain Mail Armor
29:31 Hand Cart
30:15 Gold Mining
31:53 Iron Casting
37:57 Imperial Age
34:56 Man-at-Arms
35:39 Long Swordsman
38:04 Two-Handed Swordsman
39:55 Blast Furnace
38:46 Champion
39:49 Bracer
40:18 Perfusion
43:45 Onager
Connection lost

Rejoining the realm…

Still unreachable

The connection could not be restored.

Session expired

The server has moved on; the page needs a fresh start.